AoeStats
← Battousai_Mc

Hill Fort

506765545Analyzed
4v4 RM · 18d ago on Sep 15, 2026· 66m 58s· 8 players
Game mode
Random Map
Map size
Large (8 player)
Population
200
Speed
Normal
Resources
Standard
Victory
Conquest
Starting age
Dark Age
Ending age
Imperial Age
RankedLock teamsTeams togetherTeam positionsShared explorationLock speedFull tech treeHidden civsTurbo modeCheats
Victory
Defeat
🇺🇸 Koreans · United States
959
+14
🇨🇴 Malay · Colombia
954
+14
🇺🇸 Huns · United States
936
+15
🇨🇳 Franks · China
887
+17
🇨🇳 Britons · China
943
-16
🇦🇷 Khmer · Argentina
910
-15
🇨🇳 Persians · China
906
-15
🇨🇱 Wu · Chile
897
-14
Target Him9038
10:54 Feudal Age
12:47 Double-Bit Axe
18:40 Castle Age
18:46 Horse Collar
20:44 Loom
21:35 Wheelbarrow
21:52 Forging
21:48 Scale Barding Armor
21:44 Gold Mining
22:31 Bow Saw
23:48 Iron Casting
24:35 Stone Mining
25:42 Bloodlines
25:34 Husbandry
27:10 Chain Barding Armor
30:51 Fletching
31:02 Padded Archer Armor
31:29 Ballistics
31:07 Murder Holes
35:25 Imperial Age
33:48 Hand Cart
35:55 Marauders
36:43 Gold Shaft Mining
36:30 Thumb Ring
36:50 Parthian Tactics
36:55 Conscription
37:52 Blast Furnace
37:57 Bodkin Arrow
38:39 Plate Barding Armor
38:34 Elite Tarkan
40:29 Chemistry
40:29 Heavy Cavalry Archer
41:44 Bracer
45:59 Light Cavalry
46:55 Hussar
52:31 Caravan
56:30 Leather Archer Armor
56:16 Scale Mail Armor
65:09 Chain Mail Armor
TheDukeofWrenches
12:23 Feudal Age
12:49 Double-Bit Axe
12:54 Loom
13:08 Gold Mining
13:22 Horse Collar
15:47 Wheelbarrow
21:29 Castle Age
22:51 Hand Cart
23:49 Bow Saw
24:46 Gold Mining
24:47 Stone Mining
25:05 Loom
26:59 Pikeman
27:40 Squires
27:46 Scale Mail Armor
27:56 Forging
27:37 Fletching
34:12 Imperial Age
32:33 Stone Shaft Mining
32:33 Gold Shaft Mining
31:28 Elite Skirmisher
34:50 Bodkin Arrow
35:13 Chain Mail Armor
35:18 Heavy Plow
36:35 Two-Man Saw
35:56 Halberdier
37:21 Plate Mail Armor
37:28 Iron Casting
39:14 Ballistics
39:55 Chemistry
39:01 Siege Engineers
40:14 Bracer
43:03 Conscription
43:06 Shinkichon
45:00 Heavy Rocket Cart
48:16 Eupseong
53:28 Scale Barding Armor
53:38 Masonry
53:08 Treadmill Crane
59:18 Caravan
CC182
8:23 Loom
12:51 Feudal Age
12:37 Double-Bit Axe
18:23 Town Watch
22:16 Castle Age
20:29 Fletching
22:00 Bodkin Arrow
23:01 Thalassocracy
30:28 Ballistics
30:29 Murder Holes
31:29 Masonry
31:56 Treadmill Crane
32:57 Forging
35:31 Imperial Age
34:39 Iron Casting
33:43 Man-at-Arms
34:44 Squires
34:38 Long Swordsman
35:28 Bracer
35:44 Forced Levy
35:52 Arson
38:09 Two-Handed Swordsman
42:50 Wheelbarrow
42:28 Bow Saw
53:18 Fishing Lines
56:38 Blast Furnace
76561199018652089
12:19 Feudal Age
13:17 Double-Bit Axe
17:33 Castle Age
18:43 Bow Saw
25:31 Stone Mining
27:13 Gold Mining
33:07 Gold Shaft Mining
36:42 Imperial Age
34:49 Wheelbarrow
34:00 Town Watch
34:01 Loom
34:30 Scale Barding Armor
34:37 Forging
35:06 Husbandry
36:10 Chain Barding Armor
37:15 Iron Casting
36:50 Cavalier
37:53 Conscription
38:18 Plate Barding Armor
39:53 Blast Furnace
38:42 Paladin
55:53 Paladin
ADORNI
8:18 Loom
10:05 Feudal Age
16:41 Castle Age
14:49 Double-Bit Axe
15:37 Horse Collar
19:22 Bloodlines
20:29 Gold Mining
20:42 Heavy Plow
20:57 Bow Saw
22:42 Wheelbarrow
28:30 Imperial Age
27:00 Hand Cart
28:49 Stone Mining
29:36 Gold Shaft Mining
29:09 Town Watch
29:28 Elite Battle Elephant
34:17 Scale Barding Armor
34:42 Forging
34:46 Tusk Swords
35:07 Conscription
38:19 Husbandry
39:10 Chain Barding Armor
39:25 Iron Casting
42:45 Light Cavalry
47:05 Plate Barding Armor
48:54 Caravan
58:20 Blast Furnace
60:40 Hussar
62:15 Fletching
62:57 Murder Holes
63:35 Bodkin Arrow
64:56 Bracer
每天都打原神
11:13 Feudal Age
11:42 Double-Bit Axe
14:18 Wheelbarrow
18:25 Castle Age
16:10 Horse Collar
19:28 Bow Saw
20:36 Town Watch
20:39 Loom
21:36 Padded Archer Armor
21:28 Fletching
22:15 Stone Mining
23:04 Heavy Plow
22:57 Gold Mining
24:36 Gold Shaft Mining
24:10 Crossbowman
26:57 Hand Cart
33:04 Imperial Age
31:28 Ballistics
30:49 Treadmill Crane
31:06 Bodkin Arrow
31:27 Leather Archer Armor
31:58 Masonry
31:13 Pikeman
32:40 Squires
32:45 Scale Mail Armor
32:56 Forging
33:44 Yeomen
33:34 Town Patrol
33:41 Caravan
34:00 Bracer
34:23 Conscription
36:37 Chemistry
36:12 Ring Archer Armor
35:59 Chain Mail Armor
37:06 Two-Man Saw
37:07 Elite Longbowman
37:43 Halberdier
38:54 Fortified Wall
39:17 Architecture
40:44 Light Cavalry
41:25 Husbandry
41:58 Plate Mail Armor
42:04 Iron Casting
42:17 Hoardings
44:39 Siege Engineers
45:20 Warwolf
46:29 Blast Furnace
45:35 Scale Barding Armor
48:26 Arson
49:04 Chain Barding Armor
48:41 Murder Holes
54:24 Plate Barding Armor
铁蹄铮铮
11:28 Feudal Age
12:32 Double-Bit Axe
15:18 Castle Age
14:46 Stone Mining
16:08 Horse Collar
20:05 Heavy Plow
20:21 Bow Saw
23:49 Gold Mining
24:43 Crossbowman
26:03 Gold Shaft Mining
27:05 Kamandaran
28:12 Wheelbarrow
29:07 Ballistics
29:30 Hand Cart
29:35 Thumb Ring
30:12 Town Watch
30:22 Fletching
30:34 Padded Archer Armor
34:16 Imperial Age
33:47 Bodkin Arrow
34:08 Leather Archer Armor
34:05 Forging
34:00 Scale Barding Armor
35:15 Conscription
35:06 Husbandry
35:17 Bloodlines
35:08 Cavalier
37:36 Savar
43:50 Iron Casting
43:36 Chain Barding Armor
47:01 Blast Furnace
50:22 Two-Man Saw
50:16 Stone Shaft Mining
50:51 Plate Barding Armor
55:28 Caravan
Battousai_Mc
1:44 Loom
10:57 Feudal Age
15:55 Castle Age
15:23 Horse Collar
15:31 Double-Bit Axe
16:38 Loom
22:20 Gold Mining
24:06 Arson
31:25 Imperial Age
30:12 Bow Saw
30:57 Fletching
31:50 Stone Mining
32:34 Conscription
32:51 Ballistics
33:43 Padded Archer Armor
34:19 Heavy Plow
38:27 Bodkin Arrow
39:44 Gold Shaft Mining
39:38 Forging
41:27 Town Watch
42:17 Wheelbarrow
41:45 Bracer
43:09 Chemistry
43:31 Elite Fire Archer
52:48 Pikeman
53:28 Squires
54:40 Town Patrol
54:55 Hand Cart
Connection lost

Rejoining the realm…

Still unreachable

The connection could not be restored.

Session expired

The server has moved on; the page needs a fresh start.